Map: Simulacrum LE

Players

Cheesus

  • Race: Zerg Zerg
  • League: Diamond
  • Spawn Location: 11:00

ViBE - Winner!

  • Race: Terran Terran
  • League: Diamond
  • Spawn Location: 5:00

VOD

Have the link to the VOD?

Description

Time

  • Played on: Dec. 23, 2019, 7:07 a.m.
  • Length: 16:24
Show
View Real Time Build Order
Export as new Build Order

Cheesus Zerg 

Build Orders: Hatch First, Ravager All-In 

Get SALT Encoding   

  12  0:01  Drone  
  13  0:12  Overlord  
  13  0:20  Drone  
  14  0:33  Drone x2  
  16  0:38  Drone  
  17  0:54  Hatchery  
  16  0:58  Drone  
  16  1:01  Drone  
  18  1:07  Extractor  
  17  1:18  Spawning Pool  
  17  1:21  Drone  
  17  1:24  Drone  
  18  1:28  Drone  
  19  1:41  Overlord  
  19  2:07  Queen  
  23  2:08  Zergling x2  
  23  2:09  Zergling x2  
  23  2:13  Metabolic Boost  
  23  2:14  Drone  
  26  2:18  Drone  
  27  2:28  Spine Crawler  
  26  2:37  Roach Warren  
  23  2:39  Extractor  
  23  2:40  Zergling x4  
  24  2:52  Zergling x2  
  24  2:55  Zergling x6  
  28  3:07  Zergling x2  
  28  3:09  Overlord  
  29  3:25  Drone  
  29  3:27  Drone  
  30  3:37  Roach  
  32  3:55  Roach  
  30  3:58  Ravager  
  30  3:59  Roach  
  33  4:10  Roach x2  
  37  4:20  Overlord  
  37  4:33  Overlord  
  37  4:37  Overlord  
  32  4:43  Ravager x3  
  32  4:44  Ravager  
  32  4:45  Drone x2  
  37  4:46  Drone  
  37  4:51  Hatchery  
  36  5:08  Roach x2  
  40  5:18  Drone  
  41  5:42  Ravager x2  
  43  5:44  Overlord  
  43  5:47  Drone  
  44  6:16  Drone x5  
  44  6:17  Drone  
  44  6:18  Queen  
  52  6:28  Drone  
  52  6:29  Hatchery  
  52  6:34  Overlord  
  52  6:36  Drone  
  52  6:39  Drone  
  54  6:40  Drone x2  
  56  6:50  Drone x4  
  48  7:08  Zergling x8  
  46  7:16  Zergling x2  
  46  7:20  Lair  
  46  7:21  Zergling x8  
  51  7:28  Zergling x2  
  52  7:33  Zergling x2  
  51  7:41  Zergling x8  
  51  8:02  Drone x3  
  49  8:15  Zergling x6, Hatchery  
  49  8:16  Zergling x14  
  49  8:17  Overseer  
  49  8:19  Glial Reconstitution  
  58  8:25  Infestation Pit  
  57  8:28  Baneling Nest  
  57  8:32  Zergling x6  
  59  8:34  Queen  
  61  8:43  Spore Crawler, Extractor  
  61  8:44  Drone  
  61  8:45  Drone x4  
  61  8:47  Spore Crawler  
  63  8:55  Overlord  
  63  9:05  Overlord  
  63  9:09  Hive  
  63  9:22  Drone x10  
  72  9:30  Extractor  
  71  9:32  Centrifical Hooks  
  71  9:44  Baneling x6  
  71  9:46  Infestor  
  71  9:47  Infestor x2  
  71  9:50  Roach x3  
  83  9:55  Queen  
  84  10:09  Baneling x2  
  84  10:10  Roach x6  
  84  10:24  Baneling x4  
  84  10:25  Baneling x3  
  84  10:26  Zergling x14  
  84  10:27  Zergling x2  
  91  10:33  Drone  
  92  10:36  Drone  
  92  10:37  Drone  
  94  10:43  Overseer  
  89  10:52  Burrow  
  87  10:57  Roach x4  
  87  10:58  Overlord  
  87  10:59  Roach  
  95  11:09  Drone  
  96  11:12  Extractor x2, Queen  
  96  11:17  Drone x6  
  102  11:33  Drone  
  102  11:36  Overlord x3  
  102  11:39  Hatchery  
  104  11:40  Extractor, Roach  
  104  11:42  Hatchery, Extractor  
  104  11:43  Overlord  
  91  12:04  Roach x6  
  96  12:12  Roach x8  
  96  12:15  Zergling x2  
  109  12:28  Drone  
  110  12:34  Roach x4  
  110  12:35  Roach x2  
  122  12:40  Roach  
  124  12:46  Zergling x12  
  124  12:51  Zergling x2  
  131  12:55  Zergling x4  
  133  12:59  Zergling x2  
  133  13:04  Ravager  
  133  13:05  Overlord x2  
  135  13:07  Overlord  
  135  13:13  Pathogen Glands  
  133  13:28  Baneling x20  
  133  13:31  Ravager x11  
  133  13:33  Roach  
  133  13:34  Roach x2  
  150  13:40  Zergling x2  
  150  13:41  Zergling x16  
  157  13:52  Overlord x4  
  157  14:07  Overlord  
  157  14:09  Infestor  
  157  14:14  Hatchery  
  146  14:18  Hatchery  
  125  14:26  Roach x5  
  119  14:31  Zergling x2, Baneling x4  
  119  14:32  Zergling x22  
  115  14:52  Infestor x2  
  110  14:53  Infestor x3  
  110  14:57  Ravager x5  
  110  14:58  Zergling x2  
  110  14:59  Zergling x4  
  128  15:07  Zergling x2  
  128  15:08  Zergling x20  
  82  15:50  Hatchery  
  82  15:52  Drone x15  
  96  15:57  Drone x2  
Show
View Real Time Build Order
Export as new Build Order

ViBE Terran - Winner!

Build Orders:  

Get SALT Encoding   

  12  0:00  SCV  
  13  0:15  Supply Depot  
  13  0:17  SCV  
  14  0:29  SCV  
  15  0:43  SCV  
  16  0:56  Barracks  
  16  1:00  SCV  
  17  1:06  Barracks  
  17  1:17  SCV  
  18  1:24  Barracks  
  18  1:30  SCV  
  19  1:44  Marine  
  19  1:45  Supply Depot  
  20  1:51  Orbital Command  
  20  1:54  Marine  
  21  2:04  Bunker  
  21  2:05  Marine  
  22  2:18  Supply Depot  
  22  2:19  SCV  
  22  2:21  Marine  
  24  2:26  Marine  
  25  2:31  SCV  
  26  2:37  Marine  
  26  2:42  Marine  
  26  2:43  Marine  
  29  2:51  SCV  
  30  2:55  Marine  
  31  3:00  Refinery  
  31  3:03  Marine x2  
  31  3:05  SCV  
  33  3:08  Refinery  
  33  3:13  Marine  
  33  3:17  SCV  
  35  3:29  SCV  
  36  3:38  Marine  
  36  3:39  Marine x2  
  39  3:44  Supply Depot  
  39  3:45  Supply Depot  
  39  3:50  Bunker  
  39  3:59  Bunker  
  39  4:05  SCV  
  40  4:12  Factory  
  40  4:13  Factory  
  40  4:17  SCV  
  41  4:29  SCV  
  42  4:41  SCV  
  43  4:54  SCV  
  44  5:12  Factory Tech Lab x2  
  44  5:14  Command Center  
  44  5:16  SCV  
  46  5:28  SCV  
  43  5:45  Cyclone x2  
  43  5:46  Mag-Field Accelerator  
  43  5:47  SCV  
  50  5:59  SCV  
  41  6:17  Supply Depot, Cyclone x2  
  45  6:27  SCV  
  45  6:28  Orbital Command  
  46  6:39  SCV  
  47  6:40  Command Center  
  47  6:52  SCV  
  47  6:53  SCV  
  49  7:04  SCV, Orbital Command  
  51  7:14  Cyclone x2  
  56  7:16  SCV  
  57  7:28  Factory  
  57  7:29  Factory  
  57  7:30  SCV  
  57  7:31  SCV  
  59  7:37  Infernal Pre-Igniter  
  56  7:58  Cyclone x2  
  56  7:59  SCV x2  
  56  8:00  SCV  
  59  8:15  Refinery  
  59  8:17  Refinery  
  59  8:19  Supply Depot  
  59  8:21  Orbital Command  
  59  8:22  Factory Reactor x2, Supply Depot  
  59  8:23  Supply Depot  
  59  8:32  SCV x2  
  59  8:34  Supply Depot  
  61  8:35  Supply Depot  
  61  8:44  SCV  
  62  8:52  Cyclone x2  
  68  8:58  Orbital Command  
  68  8:59  Hellion x3  
  68  9:00  Hellion  
  68  9:01  SCV  
  68  9:02  SCV  
  78  9:13  SCV  
  78  9:14  SCV, Factory  
  78  9:15  Armory  
  80  9:25  SCV  
  80  9:26  SCV x2  
  83  9:37  SCV  
  83  9:38  SCV x2  
  85  9:39  Hellion x2  
  85  9:40  Cyclone, Hellion x2  
  97  9:46  Cyclone  
  97  9:49  SCV  
  97  9:50  SCV x2  
  103  10:02  SCV x3  
  103  10:03  Engineering Bay  
  103  10:04  Command Center  
  108  10:07  Hellion x2, Factory Tech Lab  
  108  10:09  Hellion x2  
  107  10:23  Cyclone x2  
  115  10:28  Hellion  
  115  10:29  Hellion  
  115  10:30  Hellion  
  115  10:31  Cyclone  
  115  10:33  Hellion  
  124  10:40  Terran Vehicle And Ship Armor Level 1  
  124  10:44  Armory  
  122  10:59  SCV x2  
  122  11:00  Refinery  
  122  11:01  Refinery  
  124  11:07  Thor  
  124  11:10  SCV  
  132  11:11  SCV x2  
  132  11:14  Command Center  
  132  11:15  Thor  
  132  11:17  Thor  
  147  11:18  Hellbat  
  147  11:22  SCV  
  148  11:30  Planetary Fortress  
  148  11:38  Supply Depot x2  
  148  11:55  Hellbat  
  148  11:58  Hellbat  
  148  12:00  Thor x2, Refinery  
  152  12:04  Refinery  
  149  12:13  Thor  
  149  12:15  Hellbat x2  
  159  12:16  Hellbat  
  159  12:19  Hellbat, Terran Vehicle Weapons Level 1  
  163  12:23  Supply Depot x2  
  163  12:24  Supply Depot x2  
  163  12:49  Factory  
  163  12:52  Factory x2  
  163  12:54  Factory, Command Center  
  163  13:01  Thor x2  
  175  13:08  Thor  
  175  13:10  Hellbat x4  
  187  13:29  Terran Vehicle And Ship Armor Level 2  
  187  13:34  SCV x4  
  189  13:35  Planetary Fortress  
  189  13:40  Hellion x4  
  189  13:41  Hellion x7  
  191  13:46  SCV x4  
  195  13:52  Factory Reactor x2, Factory Tech Lab x2  
  195  13:58  SCV  
  194  14:15  Thor  
  171  14:26  Thor x4  
  171  14:27  Hellbat x2  
  171  14:28  Hellbat  
  190  14:41  Hellbat x4  
  190  14:42  Hellbat  
  197  14:46  Refinery  
  197  14:47  Refinery  
  183  15:35  Thor x3  
  159  15:36  Thor x2  
  159  15:37  Hellbat x6  
  159  15:38  Hellbat  
  159  15:42  Factory  
  177  15:43  Factory x3  
  177  15:44  Factory  
  168  15:51  SCV  
  168  15:52  SCV x4  
Tags
 
Add a new tag
Caveats
  • Supply blocks, unpowered buildings, or Contaminate may cause inaccurate times.
  • Supply counts are checked every 10 seconds.